 Dungeon Crawl Stone Soup version 0.23.2-30-g0e89c35649 (webtiles) character file.

Game seed: 17026790693912208535

235968 Matador8 the Warrior (level 19, 0/155 HPs)
             Began as a Merfolk Summoner on June 23, 2019.
             Was a Priest of Ashenzari.
             Slain by a frost giant
             ... wielding a +2 battleaxe of freezing
              (17 damage)
             ... on level 2 of the Vaults on June 24, 2019.
             The game lasted 09:23:45 (61849 turns).

Matador8 the Warrior (Merfolk Summoner)            Turns: 61849, Time: 09:23:46

Health: 0/155      AC: 25    Str: 13    XL:     19   Next: 19%
Magic:  16/33      EV: 15    Int: 21    God:    Ashenzari [***...]
Gold:   1428       SH:  7    Dex: 15    Spells: 4/38 levels left

rFire    . . .     SeeInvis +   d - +3 double sword (elec) (curse)
rCold    . . .     Gourm    .   g - +0 buckler {AC+3}
rNeg     . . .     Faith    .   t - +6 scale mail of the Black Skies {+Inv} (curse)
rPois    +         Spirit   .   (helmet restricted)
rElec    +         Reflect  .   o - +2 cloak {MR+} (curse)
rCorr    .         Harm     .   y - +0 pair of gloves
MR       ++...                  i - +0 pair of boots
Stlth    +.........             D - amulet of Limoq {RegenMP rElec rPois Slay+3} (curse)
HPRegen  0.35/turn              j - +4 ring of protection (curse)
MPRegen  0.48/turn              h - ring of wizardry (curse)

@: sluggish, very slightly contaminated, very slow
A: change form in water, swift swim, stealthy swim, horns 1, clever 1, strong 1,
wild magic 1
}: 2/15 runes: serpentine, barnacled
a: Curse Item, Scrying, Renounce Religion, Evoke Invisibility


You were on level 2 of the Vaults.
You worshipped Ashenzari.
Ashenzari was most pleased with you.
You were hungry.

You visited 6 branches of the dungeon, and saw 34 of its levels.
You visited 1 bazaar.
You also visited: Gauntlet.

You collected 2783 gold pieces.
You spent 1355 gold pieces at shops.

Inventory:

Hand Weapons
 d - a cursed +3 double sword of electrocution (weapon)
Armour
 g - a +0 buckler of protection (worn)
 i - a +0 pair of boots (worn)
 n - a +0 shield of poison resistance
 o - a cursed +2 cloak of magic resistance (worn)
 t - the cursed +6 scale mail of the Black Skies (worn) {+Inv}
   (You took it off a salamander on level 2 of the Snake Pit)

   It lets you turn invisible.
   It has a curse placed upon it.
 y - a +0 pair of gloves (worn)
Jewellery
 h - a cursed ring of wizardry (right hand)
 j - a cursed +4 ring of protection (left hand)
 p - an uncursed ring of protection from magic
 D - the cursed amulet of Limoq (around neck) {RegenMP rElec rPois Slay+3}
   (You found it on level 6 of the Lair of Beasts)

   [amulet of magic regeneration]

   It increases your magic regeneration.
   It affects your accuracy and damage with ranged weapons and melee attacks
   (+3).
   It insulates you from electricity.
   It protects you from poison.
   It has a curse placed upon it.
Wands
 v - a wand of acid (15)
 F - a wand of enslavement (19)
 L - a wand of paralysis (25)
 P - a wand of digging (6)
 S - a wand of iceblast (19)
Scrolls
 b - 4 scrolls of identify
 e - a scroll of enchant armour
 k - a scroll of silence
 w - 2 scrolls of teleportation
 A - a scroll of vulnerability {unknown}
 I - a scroll of acquirement {unknown}
 N - 3 scrolls of fog
 Q - 2 scrolls of holy word
 V - a scroll of torment {unknown}
 W - 6 scrolls of remove curse
Potions
 a - a potion of resistance
 m - a potion of ambrosia
 E - 2 potions of flight
 G - a potion of curing
 M - 2 potions of brilliance
 U - 3 potions of agility
 Z - a potion of might
Miscellaneous
 f - a phial of floods
 C - a lightning rod (4/4)
 J - a phantom mirror
Comestibles
 c - 10 rations


   Skills:
 - Level 15.4 Fighting
   Level 6.6(11.0) Short Blades
 - Level 12.5(15.4) Long Blades
 - Level 3.1 Armour
 - Level 12.0 Dodging
 - Level 4.6 Stealth
 + Level 13.5 Shields
 - Level 10.0 Spellcasting
 - Level 5.9(8.9) Conjurations
 - Level 6.6(9.6) Hexes
 - Level 7.6(10.5) Summonings
 - Level 13.0(15.5) Ice Magic
 - Level 9.8(12.5) Air Magic
 - Level 3.7(6.4) Evocations


You had 4 spell levels left.
You knew the following spells:

 Your Spells              Type           Power        Failure   Level  Hunger
a - Freezing Cloud        Conj/Ice/Air   ######....   16%         6    ######.
b - Airstrike             Air            ######....   1%          4    ##.....
c - Summon Ice Beast      Ice/Summ       ######..     1%          4    ##.....
d - Summon Lightning Spi  Summ/Air       ######..     1%          4    ##.....
e - Confuse               Hex            ######..     1%          3    None
f - Metabolic Englaciati  Hex/Ice        ######....   3%          5    ####...
g - Ozocubu's Refrigerat  Ice            #######...   4%          6    ######.
h - Swiftness             Chrm/Air       #####...     2%          2    None

Your spell library contained the following spells:

 Spells                   Type           Power        Failure   Level  Hunger
 Confusing Touch          Hex            ######       1%          1    None
 Corona                   Hex            ######.      1%          1    None
 Shock                    Conj/Air       ####         1%          1    None
 Summon Small Mammal      Summ           ####         1%          1    None
 Call Imp                 Summ           ######..     1%          2    None
 Slow                     Hex            ######..     1%          2    None
 Call Canine Familiar     Summ           ######..     1%          3    None
 Static Discharge         Conj/Air       ######..     1%          3    None
 Summon Guardian Golem    Hex/Summ       ######..     1%          3    None
 Flame Tongue             Conj/Fire      #####        2%          1    None
 Sting                    Conj/Pois      ####         2%          1    None
 Poisonous Vapours        Pois/Air       #####.       2%          2    None
 Mephitic Cloud           Conj/Pois/Air  ######..     2%          3    None
 Cause Fear               Hex            ######....   3%          4    ##.....
 Throw Flame              Conj/Fire      #####.       4%          2    None
 Inner Flame              Hex/Fire       #####...     6%          3    None
 Portal Projectile        Hex/Tloc       #####.       6%          3    None
 Ice Form                 Ice/Tmut       ######..     6%          4    ##.....
 Conjure Flame            Conj/Fire      #####...     8%          3    None
 Sublimation of Blood     Necr           ###.......   21%         2    None
 Leda's Liquefaction      Hex/Erth       #####.....   21%         4    ##.....
 Sticky Flame             Conj/Fire      #####...     22%         4    ##.....
 Gell's Gravitas          Tloc           ###.......   34%         3    None
 Ignite Poison            Fire/Tmut/Pois ###.....     34%         3    None
 Olgreb's Toxic Radiance  Pois           ###.....     71%         4    ##.....
 Petrify                  Tmut/Erth      ###.....     71%         4    ##.....
 Lightning Bolt           Conj/Air       ######....   6%          5    ####...
 Bolt of Cold             Conj/Ice       ######....   16%         6    ######.
 Yara's Violent Unravell  Hex/Tmut       #####.....   45%         5    ####...
 Fireball                 Conj/Fire      #####.....   50%         5    ####...
 Irradiate                Conj/Tmut      #####.....   50%         5    ####...
 Venom Bolt               Conj/Pois      #####.....   50%         5    ####...
 Simulacrum               Ice/Necr       ######....   58%         6    ######.
 Alistair's Intoxication  Tmut/Pois      ###.....     95%         5    ####...
 Ring of Flames           Chrm/Fire      ###.......   100%        7    #######


Dungeon Overview and Level Annotations

Branches:
Dungeon (15/15)            Temple (0/1) D:7            Lair (6/6) D:10
 Shoals (4/4) Lair:4        Snake (4/4) Lair:4        Slime (0/5) Lair:5
    Orc (2/2) D:10            Elf (0/3) Orc:2        Vaults (3/5) D:14
  Crypt (0/3) Vaults:2     Depths (0/5) D:15

Altars:
Ashenzari
Dithmenos
Elyvilon
Fedhas
Kikubaaqudgha
Makhleb
Okawaru
Qazlal
Ru
Trog
Uskayaw
Vehumet
Wu Jian
Xom
Yredelemnul
Zin
Beogh

Shops:
D:5 ?   D:13 ?   Orc:2 =[}=   Shoals:1 !   Snake:1 ?

Annotations:
D:2 Jessica
D:5 Pikel
D:15 exclusions: fire dragon and ice dragon
Shoals:1 exclusion: Roxanne, Roxanne
Shoals:3 1 transporter, Zanta616's ghost, journeyman OgWz
Snake:4 Vashnia
Vaults:2 Bai Suzhen


Innate Abilities, Weirdness & Mutations

You revert to your normal form in water You are very nimble and swift while swimming.
You are very stealthy in the water. (Stealth+)
You have a pair of small horns on your head.
Your mind is acute. (Int +2)
Your muscles are strong. (Str +2)
Your spells are a little harder to cast, but a little more powerful.


Message History

The lich gestures at you while chanting.
You are slowing down.
As you read the scroll of teleportation, it crumbles to dust.
You feel strangely unstable.
You have turned to stone.
Your surroundings suddenly seem different.
The frost giant gestures at you while chanting.
The bolt of cold hits you!
You turn to flesh and can move again.
Casting: Summon Ice Beast (safe; 1% risk of failure)
Confirm with . or Enter, or press ? or * to list all spells.
You miscast Metabolic Englaciation.
You are very lightly contaminated with residual magic.
Nothing appears to happen.
The ironbrand convoker shouts!
The frost giant gestures at you while chanting.
The bolt of cold misses you.
The frost giant hits you with a +2 battleaxe of freezing!!
* * * LOW HITPOINT WARNING * * *
The frost giant freezes you!
You die...

..#.#).'.....#..#..#.............
..#(#..#######..#..#.....).......
..#.#..........(#..#.............
..#(#..........8().#.............
..#.#...........#..#.............
..#(#...........#..#.............
..#.#...........#..#'############
..#(#############................
..#......(......@..............##
###............C...###########.#.
...................#.........#.#.
...................#.........'.#.
..............p....#.........#.#.
...................#.........#.#.
#..................#.........#.#.
#..................#.........#.#.
'..................###########.#.


You could see a frost giant and an ironbrand convoker.

Vanquished Creatures
  Kirke (D:12)
  A storm dragon (Vaults:2)
  5 nagarajas
  A fire giant (shapeshifter) (Vaults:2)
  5 vault wardens
  4 ironheart preservers
  3 very ugly things
  2 deep elf demonologists
  2 dire elephants
  Snorg (D:12)
  4 merfolk impalers
  An eidolon (Vaults:2)
  5 ogre magi
  5 yaktaur captains
  Fannar (D:11)
  An ice dragon (Vaults:2)
  A rakshasa (Vaults:2)
  A vault guard (D:14)
  16 naga warriors
  3 hydras
  2 alligator snapping turtles
  A merfolk avatar (Shoals:4)
  15 anacondas
  A merfolk aquamancer (Shoals:4)
  3 tengu warriors (D:15)
  6 centaur warriors
  10 two-headed ogres
  A satyr (Shoals:4)
  2 death yaks
  A death knight (Vaults:3)
  9 naga sharpshooters
  5 orc high priests
  13 shock serpents
  A shadow wraith (Vaults:1)
  2 deep elf knights (Vaults:2)
  An iron troll (D:14)
  2 salamander mystics
  2 deep trolls
  An unseen horror (D:12)
  3 wizards
  4 sea snakes
  7 orc knights
  3 deep elf archers (Vaults:3)
  13 naga ritualists
  6 deep elf magi
  A necromancer (Vaults:2)
  6 ironbrand convokers
  3 fauns (Shoals:3)
  6 cyclopes
  3 slime creatures (Vaults:2)
  13 mana vipers
  3 salamanders
  An ugly thing (D:11)
  2 manticores (Shoals:4)
  2 elephants (Lair:2)
  A centaur zombie (D:15)
  3 vault sentinels (Vaults:2)
  40 black mambas
  2 merfolk sirens
  5 guardian serpents
  9 naga magi
  A yaktaur zombie (Vaults:2)
  A gargoyle (D:11)
  4 spiny frogs
  A komodo dragon (Lair:5)
  5 freezing wraiths
  25 yaktaurs
  A rime drake (shapeshifter) (D:14)
  A yaktaur skeleton (Vaults:2)
  A redback zombie (D:15)
  6 trolls
  A queen bee (shapeshifter) (D:15)
  A troll (shapeshifter) (Vaults:1)
  A meliai (shapeshifter) (Vaults:1)
  14 merfolk
  A queen bee (D:13)
  A human skeleton (Vaults:2)
  3 harpy zombies (Shoals:2)
  A polar bear (Lair:6)
  A wind drake (Shoals:4)
  A meliai zombie (D:11)
  A hornet (Vaults:2)
  2 blink frogs (Lair:6)
  3 snapping turtles
  A stone giant simulacrum (Vaults:1)
  6 dream sheep
  A hippogriff (Lair:4)
  2 wyverns (D:11)
  A shadow (Vaults:2)
  8 wraiths
  6 water elementals
  2 hogs (D:12)
  16 yaks
  2 yaks (shapeshifter) (Vaults:1)
  A basilisk (D:12)
  A hungry ghost (D:13)
  3 vampire mosquitoes (D:15)
  4 fire bats (D:14)
  A steam dragon (D:11)
  3 wargs (Orc:2)
  37 nagas
  29 orc warriors
  4 water moccasins
  A soldier ant (D:13)
  4 porcupines
  A meliai simulacrum (D:11)
  A black bear (D:6)
  2 ice beasts
  A phantom (D:5)
  A hornet zombie (D:15)
  3 slaves
  2 wolves (Lair:1)
  An eye of draining (D:13)
  14 centaurs
  10 ogres
  7 crocodiles
  3 big kobolds
  A spectral wyvern (D:11)
  12 bullfrogs
  2 hippogriff zombies (Shoals:2)
  A wyvern zombie (D:11)
  A wyvern skeleton (D:13)
  An elf simulacrum (Vaults:2)
  28 killer bees
  2 wights (D:11)
  A spectral centaur (D:11)
  4 crimson imps
  2 quasits
  A jelly (Lair:5)
  17 orc wizards
  15 orc priests
  4 centaur skeletons
  6 hounds
  3 iguanas
  3 hell rats (Lair:2)
  8 worker ants
  A hound skeleton (D:10)
  2 worker ant zombies
  4 gnolls
  6 adders
  8 shadow imps
  6 oozes
  An adder skeleton (D:9)
  A leopard gecko (D:6)
  27 orcs
  A giant cockroach (D:6)
  3 hobgoblins
  2 jackals
  5 quokkas
  2 bats (D:1)
  A frilled lizard (D:3)
  12 kobolds
  A leopard gecko skeleton (D:4)
  A rat (D:2)
  A fire vortex (D:14)
  A fungus (Lair:5)
  6 plants
737 creatures vanquished.

Vanquished Creatures (collateral kills)
  Frances (D:12)
  Ilsuiw (Shoals:2)
  A frost giant (Vaults:2)
  Aizul (Vaults:1)
  2 vault wardens
  A stone giant (Vaults:3)
  3 ironheart preservers
  A vampire knight (Vaults:2)
  A dire elephant (Lair:6)
  2 deep elf death magi
  A merfolk javelineer (Shoals:4)
  2 yaktaur captains
  The ghost of Grendash the Blocker, a journeyman DDFi of Makhleb (D:11)
  Josephine (D:15)
  2 merfolk impalers (Shoals:4)
  8 hydras
  A catoblepas (D:13)
  4 naga warriors
  4 centaur warriors
  2 vault guards
  4 anacondas
  6 two-headed ogres
  A merfolk avatar (Shoals:2)
  2 merfolk aquamancers
  2 death yaks
  2 naga sharpshooters
  A satyr (Shoals:3)
  Urug (D:12)
  A salamander mystic (Snake:2)
  A sea snake (Shoals:2)
  A wizard (Vaults:1)
  A deep elf archer (Vaults:2)
  4 naga ritualists
  3 orc knights
  5 mana vipers
  A cyclops (D:15)
  A wolf spider (Vaults:2)
  A deep elf mage (Vaults:3)
  7 fauns
  A salamander (Snake:1)
  An oklob plant (Lair:2)
  3 orc sorcerers
  4 manticores
  6 merfolk sirens
  A guardian serpent (Snake:3)
  A vault sentinel (Vaults:2)
  A water nymph (Shoals:2)
  11 black mambas
  4 naga magi
  5 spiny frogs
  3 rime drakes
  4 yaktaurs
  A kobold demonologist (D:13)
  2 komodo dragons
  2 tengu conjurers (D:15)
  A queen bee (Lair:2)
  A wind drake (Shoals:3)
  6 trolls
  6 blink frogs
  7 merfolk
  A slime creature (Lair:4)
  9 dream sheep
  6 hippogriffs
  A water elemental (Shoals:3)
  46 yaks
  3 wyverns (Lair:2)
  A basilisk (Lair:2)
  A hog (D:13)
  2 steam dragons (Lair:2)
  23 nagas
  3 wargs
  6 water moccasins
  Duvessa (D:5)
  4 porcupines
  An ice beast (D:9)
  10 orc warriors
  3 sky beasts
  A slave (D:6)
  A phantom (D:5)
  4 wolves (Lair:1)
  7 ogres
  6 centaurs
  5 crocodiles
  2 spectral wyverns (D:11)
  3 bullfrogs
  Dowan (D:5)
  2 scorpions
  22 killer bees
  A howler monkey (D:12)
  3 wights (D:11)
  16 jellies
  3 crimson imps
  A bullfrog zombie (D:7)
  18 orc wizards
  17 orc priests
  Crazy Yiuf (D:1)
  2 centaur skeletons
  A worker ant (D:4)
  3 hell rats (Lair:2)
  12 gnolls
  9 adders
  2 river rats (Lair:2)
  A shadow imp (D:5)
  7 oozes
  2 worms
  2 dart slugs (D:1)
  A leopard gecko (D:2)
  52 orcs
  A ball python (D:3)
  A giant cockroach (D:7)
  4 goblins
  5 hobgoblins
  6 jackals
  9 kobolds
  4 quokkas
  2 bats
  2 frilled lizards
  A leopard gecko skeleton (D:6)
  A leopard gecko zombie (D:8)
521 creatures vanquished.

Vanquished Creatures (others)
  A killer bee (D:13)
  A crimson imp (D:13)
  17 fungi
  4 plants
23 creatures vanquished.

Grand Total: 1281 creatures vanquished

Notes
Turn   | Place    | Note
-------+----------+-------------------------------------------
     0 | D:1      | Matador8 the Merfolk Summoner began the quest for the Orb.
     0 | D:1      | Reached XP level 1. HP: 13/13 MP: 3/3
   252 | D:1      | Reached XP level 2. HP: 19/19 MP: 0/5
   256 | D:1      | Learned a level 2 spell: Call Imp
   340 | D:1      | Found a shattered altar of Ashenzari.
   349 | D:1      | Became a worshipper of Ashenzari the Shackled
   535 | D:2      | Found a shimmering altar of Xom.
   535 | D:2      | Found a glowing silver altar of Zin.
   535 | D:2      | Noticed an angel
   936 | D:2      | Reached XP level 3. HP: 18/24 MP: 3/6
  1576 | D:2      | Noticed Jessica
  1989 | D:2      | Found a runed translucent door.
  1990 | D:2      | Noticed Crazy Yiuf
  2058 | D:1      | Killed Crazy Yiuf
  2058 | D:1      | Reached XP level 4. HP: 13/30 MP: 0/8
  2364 | D:3      | Found an iron altar of Okawaru.
  2396 | D:3      | Found an ancient bone altar of Kikubaaqudgha.
  2400 | D:3      | Found a stormy altar of Qazlal.
  2555 | D:3      | Reached skill level 5 in Summonings
  2629 | D:3      | Reached XP level 5. HP: 32/35 MP: 4/10
  2851 | D:3      | Found an ornate altar of the Wu Jian Council.
  2942 | D:3      | Found a sacrificial altar of Ru.
  3260 | D:4      | Reached * piety under Ashenzari
  3446 | D:4      | Reached skill level 1 in Fighting
  3446 | D:4      | Reached XP level 6. HP: 34/43 MP: 12/12
  3767 | D:5      | Entered Level 5 of the Dungeon
  4599 | D:5      | Reached skill level 2 in Fighting
  4639 | D:5      | Noticed a sky beast
  4680 | D:5      | Killed a sky beast
  4706 | D:5      | Noticed a sky beast
  4720 | D:5      | Killed a sky beast
  4720 | D:5      | Reached skill level 3 in Fighting
  4720 | D:5      | Reached XP level 7. HP: 52/52 MP: 5/13
  4820 | D:5      | Noticed Dowan
  4828 | D:5      | Noticed Duvessa
  4839 | D:5      | Killed Dowan
  4906 | D:5      | Killed Duvessa
  5000 | D:5      | Learned a level 4 spell: Summon Ice Beast
  5327 | D:5      | Reached skill level 4 in Fighting
  5327 | D:5      | Reached skill level 1 in Ice Magic
  5819 | D:5      | Found Fafuyc's Magic Scroll Shop.
  5822 | D:5      | Bought a scroll of identify for 22 gold pieces
  5822 | D:5      | Bought a scroll of blinking for 82 gold pieces
  5876 | D:5      | Found a burning altar of Makhleb.
  5877 | D:5      | Found a radiant altar of Vehumet.
  5972 | D:6      | Noticed Pikel
  6114 | D:6      | Found a basalt altar of Yredelemnul.
  6210 | D:6      | Found a white marble altar of Elyvilon.
  6830 | D:6      | Reached skill level 1 in Short Blades
  6830 | D:6      | Reached XP level 8. HP: 56/61 MP: 7/14
  7734 | D:7      | Found a blossoming altar of Fedhas.
  7734 | D:7      | Found a hide-covered altar of Uskayaw.
  7982 | D:7      | Reached ** piety under Ashenzari
  8058 | D:7      | Found a staircase to the Ecumenical Temple.
  8170 | D:7      | Reached skill level 5 in Ice Magic
  8665 | D:8      | Noticed a two-headed ogre
  8682 | D:8      | Killed a two-headed ogre
  8682 | D:8      | Reached XP level 9. HP: 40/66 MP: 5/15
  8894 | D:8      | Noticed a tengu conjurer
  9404 | D:8      | Learned a level 4 spell: Summon Lightning Spire
  9485 | D:9      | Noticed a troll
  9501 | D:9      | Killed a troll
  9501 | D:9      | Reached skill level 5 in Spellcasting
  9655 | D:9      | Reached skill level 1 in Air Magic
 10201 | D:10     | Entered Level 10 of the Dungeon
 10279 | D:8      | Reached skill level 5 in Dodging
 10431 | D:10     | Noticed Fannar
 10464 | D:10     | Noticed a two-headed ogre
 10508 | D:10     | Found a staircase to the Lair.
 10517 | D:10     | Noticed a troll
 10537 | D:9      | Killed a troll
 10635 | D:10     | Reached XP level 10. HP: 70/73 MP: 9/17
 10836 | D:10     | Killed a two-headed ogre
 11134 | D:10     | Found a staircase to the Orcish Mines.
 11547 | D:11     | Killed Fannar
 11914 | Lair:1   | Entered Level 1 of the Lair of Beasts
 11927 | Lair:1   | Noticed a four-headed hydra
 12190 | Lair:1   | Noticed a spiny frog
 12203 | Lair:1   | Killed a spiny frog
 12203 | Lair:1   | Reached skill level 5 in Fighting
 12364 | Lair:1   | Reached *** piety under Ashenzari
 12401 | Lair:1   | Noticed an eight-headed hydra
 12636 | D:10     | Killed a four-headed hydra
 12636 | D:10     | Reached skill level 6 in Fighting
 12650 | D:10     | Learned a level 3 spell: Confuse
 12728 | Lair:1   | Killed an eight-headed hydra
 12728 | Lair:1   | Reached skill level 1 in Hexes
 12810 | Lair:1   | Noticed a four-headed hydra
 12824 | Lair:1   | Killed a four-headed hydra
 12824 | Lair:1   | Reached skill level 7 in Fighting
 12824 | Lair:1   | Reached XP level 11. HP: 62/84 MP: 7/20
 13424 | Lair:1   | Noticed a four-headed hydra
 13430 | Lair:1   | Killed a four-headed hydra
 13430 | Lair:1   | Reached skill level 8 in Fighting
 13458 | Lair:1   | Noticed an eight-headed hydra
 13468 | Lair:1   | Killed an eight-headed hydra
 13611 | Lair:1   | Reached skill level 5 in Hexes
 14310 | Lair:2   | Noticed an oklob plant
 14319 | Lair:2   | Killed an oklob plant
 14319 | Lair:2   | Reached skill level 9 in Fighting
 15363 | Lair:2   | Reached skill level 1 in Evocations
 15397 | Lair:2   | Reached skill level 10 in Fighting
 15562 | Lair:2   | Reached XP level 12. HP: 97/97 MP: 10/21
 15580 | Lair:2   | Reached **** piety under Ashenzari
 16051 | Lair:3   | Found a gate leading to a gauntlet.
 16073 | Gauntlet | Entered a Gauntlet
 16073 | Gauntlet | Found a transporter.
 16082 | Gauntlet | Found a transporter.
 16087 | Gauntlet | Identified the amulet of Yvuyc {Spirit +Inv}
 16087 | Gauntlet | Found a transporter.
 16088 | Gauntlet | Found a transporter.
 16089 | Gauntlet | Found a transporter.
 16091 | Gauntlet | Found a transporter.
 16096 | Gauntlet | Found a transporter.
 16096 | Gauntlet | Noticed an entropy weaver
 16097 | Gauntlet | Found a transporter.
 16098 | Gauntlet | Identified the ring "Balu" {rPois Dex+3}
 16098 | Gauntlet | Identified the ring "Put-Me-On" {rF- rC+ MR+ Slay+2}
 16125 | Gauntlet | Noticed a balrug
 16187 | Gauntlet | Found a transporter.
 16190 | Gauntlet | Noticed a death ooze
 16204 | Gauntlet | Found a transporter.
 16208 | Gauntlet | Found a transporter.
 16217 | Gauntlet | Found a transporter.
 16233 | Gauntlet | Noticed a catoblepas
 16833 | Lair:4   | Noticed a six-headed hydra
 16844 | Lair:3   | Killed a six-headed hydra
 17535 | Lair:4   | Found a staircase to the Shoals.
 17708 | Lair:4   | Reached skill level 11 in Fighting
 18054 | Lair:4   | Found a staircase to the Snake Pit.
 18206 | Lair:4   | Identified the cursed +0 robe of the Disturbing Ships
                  | {rCorr Str+3 Int+2 Slay+4}
 18269 | Lair:4   | Noticed a four-headed hydra
 18277 | Lair:4   | Killed a four-headed hydra
 18597 | Lair:5   | Noticed a seven-headed hydra
 18651 | Lair:4   | Learned a level 5 spell: Metabolic Englaciation
 18671 | Lair:4   | Killed a seven-headed hydra
 18852 | Lair:5   | Found a staircase to the Slime Pits.
 19830 | Lair:6   | Entered Level 6 of the Lair of Beasts
 19859 | Lair:6   | Noticed a death yak
 19860 | Lair:6   | Noticed a death yak
 19863 | Lair:6   | Noticed a death yak
 19864 | Lair:6   | Noticed a death yak
 19885 | Lair:5   | Killed a death yak
 19885 | Lair:5   | Reached skill level 10 in Dodging
 20649 | Lair:6   | Noticed a seven-headed hydra
 20657 | Lair:6   | Killed a seven-headed hydra
 20905 | Lair:6   | Reached skill level 5 in Short Blades
 21082 | Lair:6   | Reached XP level 13. HP: 106/106 MP: 18/22
 21904 | Lair:6   | Identified the amulet of Limoq {RegenMP rElec rPois Slay+3}
 22469 | Lair:6   | Noticed a dire elephant
 22475 | Lair:6   | Noticed a dire elephant
 22475 | Lair:6   | Noticed a dire elephant
 22602 | Lair:6   | Noticed a dire elephant
 22624 | Lair:6   | Killed a dire elephant
 22797 | Lair:6   | Noticed a dire elephant
 22801 | Lair:6   | Noticed a dire elephant
 23082 | Lair:5   | Killed a dire elephant
 23555 | D:11     | Reached skill level 1 in Long Blades
 23587 | D:11     | Found a runed translucent gate.
 23594 | D:11     | Found a runed translucent gate.
 23594 | D:11     | Found a runed translucent gate.
 23595 | D:11     | Noticed Grendash's ghost (journeyman DDFi)
 24273 | D:11     | Killed Grendash's ghost
 24273 | D:11     | Reached skill level 5 in Long Blades
 24445 | D:12     | Noticed Urug
 24459 | D:12     | Killed Urug
 24619 | D:12     | Noticed Frances
 24636 | D:12     | Killed Frances
 25165 | D:12     | Identified the +9 war axe "Barymp Kesub" {holy, Str+2}
 25195 | Orc:1    | Entered Level 1 of the Orcish Mines
 25419 | Orc:2    | Entered Level 2 of the Orcish Mines
 25653 | Orc:2    | Found a staircase to the Elven Halls.
 26310 | Orc:2    | Found a roughly hewn altar of Beogh.
 26419 | Orc:2    | Reached XP level 14. HP: 81/113 MP: 13/25
 26427 | Orc:2    | Reached skill level 10 in Long Blades
 26704 | Orc:2    | Gained mutation: Your body sometimes deteriorates upon
                  | taking damage. [a neqoxec]
 27009 | Orc:2    | Found Rehya's Jewellery Shop.
 27013 | Orc:2    | Found Depnibocs's Armour Shop.
 27112 | Orc:2    | Found Qaroikad's Jewellery Boutique.
 27115 | Orc:2    | Found Otwukho's Gadget Boutique.
 27827 | D:13     | Found Tablaf's Magic Scroll Shop.
 27833 | D:13     | Noticed Kirke
 27882 | D:13     | Bought a scroll of teleportation for 48 gold pieces
 27882 | D:13     | Bought a scroll of identify for 32 gold pieces
 27882 | D:13     | Bought a scroll of remove curse for 48 gold pieces
 27931 | D:13     | Noticed Snorg
 28319 | D:12     | Killed Snorg
 28669 | D:12     | Killed Kirke
 28878 | D:13     | Learned a level 6 spell: Ozocubu's Refrigeration
 29021 | D:14     | Found a gate to the Vaults.
 29082 | D:14     | Found a bloodstained altar of Trog.
 29849 | D:15     | Entered Level 15 of the Dungeon
 29849 | D:15     | Found a frozen archway.
 29868 | D:15     | Reached ***** piety under Ashenzari
 30064 | D:15     | Reached skill level 10 in Ice Magic
 30205 | D:15     | Found a shadowy altar of Dithmenos.
 30247 | D:15     | Noticed Josephine
 30314 | D:15     | Killed Josephine
 31036 | D:15     | Found a staircase to the Depths.
 31417 | Lair:6   | Killed a dire elephant
 31453 | Lair:6   | Identified the +9 war axe "Barymp Kesub" {holy, Str+2}
 31561 | Snake:1  | Entered Level 1 of the Snake Pit
 31646 | Snake:1  | Reached XP level 15. HP: 108/118 MP: 19/26
 32608 | Snake:1  | Reached skill level 12 in Fighting
 33096 | Snake:1  | Reached skill level 1 in Armour
 33572 | Snake:1  | Found Cimot's Magic Scroll Shop.
 33577 | Snake:1  | Bought a scroll of remove curse for 48 gold pieces
 33577 | Snake:1  | Bought a scroll of identify for 32 gold pieces
 33577 | Snake:1  | Bought a scroll of remove curse for 48 gold pieces
 33577 | Snake:1  | Bought a scroll of enchant weapon for 120 gold pieces
 34363 | Snake:2  | Reached skill level 13 in Fighting
 34465 | Snake:2  | Noticed a nagaraja
 34738 | Snake:2  | Killed a nagaraja
 35589 | Snake:2  | Reached skill level 14 in Fighting
 36264 | Snake:2  | Identified the +6 scale mail of the Black Skies {+Inv}
 36683 | Snake:3  | Reached XP level 16. HP: 118/134 MP: 18/28
 36701 | Snake:3  | Noticed a nagaraja
 37078 | Snake:3  | Killed a nagaraja
 38023 | Snake:3  | Identified the +6 rapier of a bailey {pierce, -Tele +Rage
                  | +Inv rC+}
 38696 | Snake:3  | Reached skill level 10 in Spellcasting
 39121 | Snake:4  | Entered Level 4 of the Snake Pit
 39263 | Snake:4  | Noticed Vashnia
 39376 | Snake:4  | Noticed a nagaraja
 39769 | Snake:4  | Killed a nagaraja
 40047 | Snake:4  | Learned a level 6 spell: Freezing Cloud
 40084 | Snake:3  | Reached skill level 1 in Conjurations
 41407 | Snake:4  | Reached skill level 5 in Conjurations
 41634 | Snake:4  | Reached skill level 5 in Air Magic
 42901 | Snake:4  | Noticed a nagaraja
 42916 | Snake:4  | Killed a nagaraja
 42916 | Snake:4  | Reached XP level 17. HP: 122/140 MP: 28/31
 43899 | Snake:4  | Got a serpentine rune of Zot
 44583 | Shoals:1 | Entered Level 1 of the Shoals
 44599 | Shoals:1 | Identified Roxanne's Compendium of Transformation
 44599 | Shoals:1 | Noticed Roxanne
 44687 | Shoals:2 | Identified the +8 trident of the Solstice {freeze, Fragile
                  | +Rage rPois Dex+5}
 45416 | Shoals:2 | Noticed Ilsuiw
 45432 | Shoals:2 | Killed Ilsuiw
 45497 | Shoals:3 | Found a transporter.
 45946 | Shoals:4 | Entered Level 4 of the Shoals
 45951 | Shoals:4 | Learned a level 2 spell: Swiftness
 46009 | Shoals:4 | Found a flickering gateway to a bazaar.
 46015 | Bazaar   | Entered a bazaar
 46015 | Bazaar   | Found Kiorav's Food Shoppe.
 46015 | Bazaar   | Found Gosh's Weapon Boutique.
 46015 | Bazaar   | Found Ruex's Weapon Shoppe.
 46015 | Bazaar   | Found Ucsassag's Armour Shop.
 46017 | Bazaar   | Found Oqaoj's Antique Armour Emporium.
 46054 | Bazaar   | Bought a ration for 35 gold pieces
 46054 | Bazaar   | Bought a ration for 35 gold pieces
 46054 | Bazaar   | Bought a ration for 35 gold pieces
 46054 | Bazaar   | Bought a ration for 35 gold pieces
 46054 | Bazaar   | Bought a ration for 35 gold pieces
 46054 | Bazaar   | Bought a ration for 35 gold pieces
 46054 | Bazaar   | Bought a ration for 35 gold pieces
 46076 | Bazaar   | Bought a ration for 35 gold pieces
 46076 | Bazaar   | Bought a ration for 35 gold pieces
 46076 | Bazaar   | Bought a ration for 35 gold pieces
 46076 | Bazaar   | Bought a ration for 35 gold pieces
 46076 | Bazaar   | Bought a ration for 35 gold pieces
 46076 | Bazaar   | Bought a ration for 35 gold pieces
 46346 | Shoals:3 | Noticed Zanta616's ghost (journeyman OgWz)
 47419 | Shoals:3 | Reached skill level 15 in Fighting
 47727 | Shoals:3 | Noticed a kraken
 48090 | Shoals:4 | Got a barnacled rune of Zot
 48476 | Shoals:1 | Found Uteozxoc's Distillery.
 48486 | Shoals:1 | Bought a potion of might for 48 gold pieces
 48486 | Shoals:1 | Bought a potion of ambrosia for 96 gold pieces
 48486 | Shoals:1 | Bought 2 potions of heal wounds for 120 gold pieces
 48486 | Shoals:1 | Bought a potion of haste for 120 gold pieces
 48486 | Shoals:1 | Bought a potion of curing for 36 gold pieces
 49007 | Vaults:1 | Entered Level 1 of the Vaults
 50730 | Vaults:1 | Noticed Aizul
 51793 | Vaults:1 | Reached skill level 5 in Shields
 51799 | Vaults:1 | Reached XP level 18. HP: 147/149 MP: 24/32
 51919 | Vaults:1 | Learned a level 4 spell: Airstrike
 52526 | Vaults:1 | Killed Aizul
 53592 | Vaults:2 | Found a staircase to the Crypt.
 54925 | Vaults:2 | Noticed a lich
 55990 | Vaults:2 | Reached skill level 10 in Shields
 58572 | D:14     | Lost mutation: Your body sometimes deteriorates upon taking
                  | damage. [potion of mutation]
 58572 | D:14     | Gained mutation: Your spells are a little harder to cast,
                  | but a little more powerful. [potion of mutation]
 58572 | D:14     | Gained mutation: Your mind is acute. (Int +2) [potion of
                  | mutation]
 58572 | D:14     | Gained mutation: You have a pair of small horns on your
                  | head. [potion of mutation]
 58572 | D:14     | Gained mutation: Your muscles are strong. (Str +2) [potion
                  | of mutation]
 61006 | Vaults:2 | Reached XP level 19. HP: 145/155 MP: 33/33
 61592 | Vaults:3 | Noticed Bai Suzhen
 61849 | Vaults:2 | Slain by a frost giant

Skill      XL: |  1  2  3  4  5  6  7  8  9 10 11 12 13 14 15 16 17 18 19 |
---------------+----------------------------------------------------------+-----
Spellcasting   | 3 4 5 6 7 8 10 | 10.0
Summonings     | 5 6 7 |  7.6
Fighting       | 1 3 4 7 10 11 14 15 | 15.4
Ice Magic      | 3 6 7 8 11 13 | 13.0
Short Blades   | 1 4 5 6 |  6.6
Air Magic      | 3 4 6 9 |  9.8
Dodging        | 5 7 12 | 12.0
Shields        | 4 5 12 13 | 13.5
Hexes          | 2 6 |  6.6
Evocations     | 2 3 |  3.7
Stealth        | 4 |  4.6
Long Blades    | 9 12 | 12.5
Armour         | 3 |  3.1
Conjurations   | 5 |  5.9

Action                   |  1- 3 |  4- 6 |  7- 9 | 10-12 | 13-15 | 16-18 | 19-21 || total
-------------------------+-------+-------+-------+-------+-------+-------+-------++-------
Melee: Unarmed           |    23 |       |       |       |     2 |       |       ||    25
       Whip              |    37 |     4 |       |       |       |       |       ||    41
       Dagger            |       |   109 |   302 |   458 |   152 |       |       ||  1021
       Double sword      |       |       |       |       |   927 |  1123 |   100 ||  2150
       Tailslap          |       |       |       |       |     2 |    12 |       ||    14
       Headbutt          |       |       |       |       |       |    39 |    22 ||    61
 Cast: Summon Small Mamm |    23 |     7 |     4 |       |       |       |       ||    34
       Call Imp          |    21 |    61 |   156 |     8 |       |       |       ||   246
       Summon Ice Beast  |       |       |    25 |   201 |   174 |   141 |    14 ||   555
       Summon Lightning  |       |       |       |    34 |    89 |   103 |    12 ||   238
       Confuse           |       |       |       |     1 |     3 |     2 |       ||     6
       Metabolic Englaci |       |       |       |       |    37 |    58 |     6 ||   101
       Ozocubu's Refrige |       |       |       |       |     1 |       |       ||     1
       Airstrike         |       |       |       |       |       |    35 |     9 ||    44
       Freezing Cloud    |       |       |       |       |       |     2 |       ||     2
       Swiftness         |       |       |       |       |       |     1 |     1 ||     2
Invok: Curse Item        |       |     1 |     2 |     1 |     2 |     3 |       ||     9
       Scrying           |       |       |       |       |    14 |    27 |     2 ||    43
Evoke: Wand              |       |       |       |       |     1 |       |       ||     1
  Use: Scroll            |     1 |     2 |     7 |    10 |    16 |    23 |     2 ||    61
       Potion            |     1 |       |     3 |     3 |     7 |    16 |       ||    30
 Stab: Sleeping          |     4 |     2 |     2 |     4 |    12 |     5 |       ||    29
       Distracted        |     1 |     1 |     4 |     4 |    20 |    22 |     5 ||    57
       Invisible         |       |       |       |       |       |     1 |       ||     1
  Eat: Chunk             |     2 |     7 |     7 |    24 |    31 |    26 |     5 ||   102
       Ration            |     1 |     1 |     7 |    13 |    17 |    22 |       ||    61
Armor: Robe              |     3 |       |       |       |    37 |   154 |       ||   194
       Leather armour    |    10 |    37 |    85 |    96 |   125 |       |       ||   353
       Skin              |    14 |       |       |       |       |       |       ||    14
       Scale mail        |       |       |       |       |       |    60 |    34 ||    94
Dodge: Dodged            |    49 |    99 |   243 |   449 |   840 |   770 |    37 ||  2487
Block: Buckler           |       |       |       |   100 |   229 |   223 |    20 ||   572
       Rpst.: Double sword |       |       |       |       |   168 |   158 |     4 ||   330
